 Seeded DCSS version 0.30-a0-830-gfe289a77b0 (webtiles) character file.

Game seed: 10962520627805071627 (custom seed)

16 demibob the Slasher (level 2, -1/25 HPs)
             Began as a Tengu Reaver on Feb 28, 2023.
             Slain by a gnoll
             ... wielding a +0 halberd
              (3 damage)
             ... on level 2 of the Dungeon.
             The game lasted 00:02:14 (711 turns).

demibob the Slasher (Tengu Reaver)                   Turns: 711, Time: 00:02:15

Health: -1/25      AC:  4    Str: 12    XL:     2   Next: 58%
Magic:  15/15      EV: 12    Int: 13    God:
Gold:   1243       SH:  0    Dex: 18    Spells: 4/5 levels left

rFire   . . .      SeeInvis .    a - +9 sword of Power {lifebolt}
rCold   . . .      Faith    .    (shield currently unavailable)
rNeg    . . .      Spirit   .    b - +1 leather armour
rPois   +          Reflect  .    (helmet restricted)
rElec   .          Harm     .    (no cloak)
rCorr   .          Rampage  .    (no gloves)
Will    .....                    (boots unavailable) Stlth
                                 (no amulet)
HPRegen 0.24/turn                c - ring of Piwk {Drain rPois MP+9 Dex+6 Slay+5}
MPRegen 0.14/turn                (no ring)

@: berserking, very quick
A: beak, talons 3
a: no special abilities


You were on level 2 of the Dungeon.
You visited 1 branch of the dungeon, and saw 2 of its levels.

You collected 1243 gold pieces.


Innate Abilities, Weirdness & Mutations

You have a beak for a mouth.
You have claws for feet.


   Skills:
 - Level 2.0 Fighting
 + Level 4.2 Long Blades
 - Level 2.1 Dodging
 - Level 2.0 Spellcasting
 - Level 4.0 Conjurations


You had 4 spell levels left.
You knew the following spells:

 Your Spells              Type           Power      Damage    Failure   Level
X - Kiss of Death         Conj/Necr      24%        2d7       14%         1

Your spell library contained the following spells:

 Spells                   Type           Power      Damage    Failure   Level
 Momentum Strike          Conj/Tloc      12%        3d8       22%         2
 Hailstorm                Conj/Ice       6%         3d4       38%         3

Inventory:

Hand Weapons
 a - the +9 sword of Power (weapon) {lifebolt}
   (You acquired it on level 1 of the Dungeon)
 d - a +0 falchion
Armour
 b - a +1 leather armour (worn)
Jewellery
 c - the ring of Piwk (left hand) {Drain rPois MP+9 Dex+6 Slay+5}
   (You acquired it on level 1 of the Dungeon)

   [ring of dexterity]

   Dex:       It affects your dexterity (+6).
   Slay:      It affects your accuracy & damage with ranged weapons and melee
   (+5).
   rPois:     It protects you from poison.
   MP:        It affects your magic capacity (+9).
   Drain:     It drains your maximum health when unequipped.
 e - an amulet of faith {!P}
Scrolls
 g - 2 scrolls of enchant armour

Dungeon Overview and Level Annotations

Branches:
Dungeon (2/15)

Altars:

....###g# ##.## #.#
#. #.# #. #.# #.
###.# #g..# #.###
#.##################
#..[...ggg..@gSgg...
#..###############.#
#$.# #..# ...# .#.##
#.#.# . ..


You could see 6 gnolls and a ball python.


Message History

Ouch! That really hurt!
* * * LOW HITPOINT WARNING * * *
Found a quarterstaff.
You see here a rat corpse.
Found 6 gold pieces.
Found a leather armour.
You see here a +0 leather armour.
A gnoll comes into view. It is wielding a +0 halberd.
A ball python comes into view.
A gnoll comes into view. It is wielding a +0 flail.
The ball python hisses angrily.
A gnoll comes into view. It is wielding a +0 club.
As you read the scroll labelled WYEPEFR PUBBE, it crumbles to dust.
It is a scroll of enchant armour.
Your +0 leather armour glows green for a moment.
The gnoll shouts!
As you read the scroll labelled TYBBAODAIQI, it crumbles to dust.
It is a scroll of identify.
h - a potion of berserk rage The gnoll hits you from afar with a +0 halberd!
Ouch! That really hurt!
* * * LOW HITPOINT WARNING * * *
The gnoll barely misses you.
Really quaff
h - a potion of berserk rage {!q}?
A red film seems to cover your vision as you go berserk!
You feel yourself moving faster!
You feel mighty! The gnoll closely misses you. The gnoll barely misses you.
You feel a strong urge to attack something.
The gnoll hits you with a +0 halberd.
You die...

Skill      XL: |  1  2 |
---------------+-------+-----
Long Blades    | 4 |  4.2
Fighting       | |  2.0
Dodging        | |  2.1
Spellcasting   | |  2.0
Conjurations   | |  4.0

Action                     || total
---------------------------++-------
  Melee: Falchion          ||     8
         Great sword       ||    12
         Kick              ||     3
         Peck              ||     2
    Use: Scroll            ||     5
         Potion            ||     1
   Stab: Sleeping          ||     3
 Armour: Leather armour    ||     5
  Dodge: Dodged            ||    10

Levels and vault maps discovered:
D:1:      lemuel_arrival_room, layout_basic, serial_aquarium,
          aquarium_bridge_square [aquarium_subvault_bridge,
          aquarium_subvault_window, aquarium_subvault_window,
          aquarium_subvault_bridge], aquarium_window_1, aquarium_window_3,
          aquarium_window_double, aquarium_view_2f, aquarium_view_2d,
          aquarium_balcony_3b
D:2:      layout_loops_ring, basic_ecumenical_altar, minmay_circle_x

Notes
Turn   | Place    | Note
-------+----------+-------------------------------------------
     0 | D:1      | demibob the Tengu Reaver began the quest for the Orb.
     0 | D:1      | Reached XP level 1. HP: 12/12 MP: 4/4
    31 | D:1      | Identified 3 scrolls of acquirement
    31 | D:1      | Acquired 1215 gold pieces
    32 | D:1      | Acquired the +9 sword of Power {lifebolt}
    32 | D:1      | Found the +9 sword of Power {lifebolt}
    33 | D:1      | Acquired the ring of Piwk {Drain rPois MP+9 Dex+6 Slay+5}
   123 | D:1      | Reached XP level 2. HP: 17/17 MP: 6/6
   143 | D:1      | Reached skill level 4 in Long Blades
   709 | D:2      | HP: 1/17 [gnoll/+0 halberd (11)]
   711 | D:2      | Slain by a gnoll

Vanquished Creatures
  A dart slug (D:1)
  A bat (D:1)
  2 endoplasms (D:1)
  2 goblins (D:1)
  A hobgoblin (D:1)
  A quokka (D:1)
  A ball python (D:1)
  3 kobolds (D:1)
  A rat (D:2)
13 creatures vanquished.

Table legend: (Time is in decaauts)
 A = Elapsed time spent in this place.
 B = Non-inter-level travel time spent in this place.
 C = Inter-level travel time spent in this place.
 D = Time resting spent in this place.
 E = Time spent auto-exploring this place.
 F = Levels seen in this place.
 G = Mean time per level.
                   A        B        C        D        E       F      G
               +--------+--------+--------+--------+--------+-----+--------+
         Total |    717 |    714 |      3 |      0 |    576 |   2 |  358.5 |
       Dungeon |    717 |    714 |      3 |      0 |    576 |   2 |  358.5 |
               +--------+--------+--------+--------+--------+-----+--------+

Top non-repeatable levels by time:
     D:1: 674 daAuts
     D:2: 42 daAuts

Table legend:
 A = Non-vault XP
 B = Vault XP
 C = Vault XP percentage of total XP
 D = Non-vault monster count
 E = Vault monster count
 F = Vault count percentage of total count
                 A         B        C        D         E       F
            +---------+---------+-------+---------+---------+-------
      Total |      24 |       0 |   0.0 |      13 |       0 |   0.0
            +---------+---------+-------+---------+---------+-------
        D:1 |      23 |       0 |   0.0 |      12 |       0 |   0.0
        D:2 |       1 |       0 |   0.0 |       1 |       0 |   0.0
            +---------+---------+-------+---------+---------+-------
